 Dungeon Sprint DCSS version 0.28.0-43-g3370ac3207 (webtiles) character file.

Game seed: 11531285849521056286

12617 boopmooplesden the Warrior (level 11, -1/181 HPs)
             Began as a Minotaur Berserker on Mar 11, 2022.
             Was the Champion of Trog.
             Killed from afar by a frost giant (8 damage)
             ... with a bolt of cold
             ... in the Dungeon (Sprint II: "The Violet Keep of Menkaure").
             The game lasted 00:05:50 (2409 turns).

boopmooplesden the Warrior (Minotaur Berserker)     Turns: 2409, Time: 00:05:51

Health: -1/181     AC: 23    Str: 26    XL:     11   Next: 64%
Magic:  10/10      EV: 14    Int:  6    God:    Trog [******]
Gold:   262        SH:  0    Dex: 11    Spells: 10/10 levels left

rFire   + . .      SeeInvis .   j - +7 executioner's axe "Ethosec" {protect, rPois rN+ Will+ Stlth+}
rCold   + + +      Faith    .   (shield currently unavailable)
rNeg    + + .      Spirit   .   k - +2 scale mail {rN+}
rPois   +          Reflect  .   (helmet restricted)
rElec   .          Harm     +   (no cloak)
rCorr   +          Rampage  .   i - +3 pair of gloves "Haetyk" {Harm rF+ Str+3}
Will    +....      NoTele   +   (no boots)
Stlth   ..........              (no amulet)
HPRegen 0.40/turn               v - ring of protection from cold
MPRegen 0.12/turn               h - ring "Meodosma" {rC++ rCorr}

@: berserking (expiring), under a protective aura, very quick
A: horns 2, retaliatory headbutt
a: Renounce Religion, Berserk, Trog's Hand, Brothers in Arms


You were in the Dungeon.
You worshipped Trog.
Trog was exalted by your worship.
You visited 1 branch You collected 1528 gold pieces.
You spent 1266 gold pieces at shops.

Inventory:

Hand Weapons
 a - a +0 falchion of flaming
 j - the +7 executioner's axe "Ethosec" (weapon) {protect, rPois rN+ Will+ Stlth+}
   (You bought it in a shop in the Dungeon)

   It grants its wielder temporary protection when it strikes (+7 to AC).
   rPois:     It protects you from poison.
   rN:        It protects you from negative energy.
   Will:      It increases your willpower.
   Stlth:     It makes you more stealthy.
Armour
 b - a +0 animal skin
 i - the +3 pair of gloves "Haetyk" (worn) {Harm rF+ Str+3}
   (You bought it in a shop in the Dungeon)

   Str:       It affects your strength (+3).
   rF:        It protects you from fire.
   Harm:      It increases damage dealt and taken.
 k - a +2 scale mail of positive energy (worn)
 t - a +0 pair of boots
Jewellery
 h - the ring "Meodosma" (right hand) {rC++ rCorr}
   (You bought it in a shop in the Dungeon)

   [ring of resist corrosion]

   rC:        It greatly protects you from cold.
   rCorr:     It protects you from acid and corrosion.
 r - a +4 ring of evasion
 u - a ring of see invisible
 v - a ring of protection from cold (left hand)
Scrolls
 l - a scroll of silence
 w - 2 scrolls of holy word
 x - a scroll of blinking
Potions
 c - a potion of curing
 d - a potion of heal wounds
 e - a potion of haste
 f - 6 potions of magic
 g - a potion of berserk rage
 m - 3 potions of resistance
 s - 3 potions of flight
 z - a potion of cancellation


   Skills:
 + Level 18.6 Fighting
 + Level 16.7 Long Blades
 + Level 18.4 Axes
 + Level 13.1 Armour
 + Level 10.2 Dodging
 + Level 2.8 Stealth


You had 10 spell levels left.
You didn't know any spells.
Your spell library was empty.

Dungeon Overview and Level Annotations

Branches:
Dungeon (1/1)

Altars:
Cheibriados
Dithmenos
Elyvilon
Fedhas
Gozag
Hepliaklqana
Kikubaaqudgha
Makhleb
Nemelex Xobeh
Okawaru
Qazlal
Ru
Sif Muna
Trog
Uskayaw
Vehumet
Wu Jian
Xom
Yredelemnul
Zin
The Shining One
Beogh
Jiyva
Lugonu

Shops:
D [*::(?*?!=?!:=[

Annotations:
D exclusion: oklob plant, Roxanne


Innate Abilities, Weirdness & Mutations

You have a pair of horns on your head.
You reflexively headbutt those who attack you in melee.


Message History

You destroy the bone dragon!
Trog accepts your kill.
The storm dragon breathes lightning at you.
The bolt of lightning misses you.
Your Fighting skill increases to level 18!
Your Axes skill increases to level 17!
Your Dodging skill increases to level 10!
You barely miss the storm dragon. You headbutt the storm dragon.
The storm dragon is almost dead.
You carve the storm dragon like a ham!!!
You feel the power of Trog in you as your rage grows.
You kill the storm dragon!
Trog accepts your kill. The cacodemon gestures at you.
You easily resist.
Your Axes skill increases to level 18!
Your Armour skill increases to level 13!
You are too berserk!
The deep elf high priest hits you but does no damage.
The cacodemon barely misses you. You furiously retaliate!
You headbutt the cacodemon, but do no damage.
The cacodemon closely misses you.
You slice the deep elf high priest!!
The deep elf high priest is heavily wounded.
You slash the cacodemon!
The deep elf high priest barely misses you.
You furiously retaliate!
You headbutt the deep elf high priest! You slash the deep elf high priest!
Your headbutt misses the deep elf high priest.
The deep elf high priest is almost dead.
You slice the cacodemon!!
The frost giant seems less brilliant.
The cacodemon hits you but does no damage. x2
You slice the deep elf high priest!!
You feel the power of Trog in you as your rage grows.
You kill the deep elf high priest!
Trog accepts your kill.
You closely miss the cacodemon. The frost giant casts a spell at you.
The bolt of cold hits you! You resist.
You die...

####+#### ##≈≈.§§§§##
##○°○≈§≈§§≈## ####
+§.°≈.°°§.°.#
..##..2####≈○≈°§.≈§°#
.....C)@.≈##○○Z§§≈≈#
############)≈#+++#+++##
###########≈†≈.........#
##........#≈≈≈≈.##'##..#
##...⌠....#≈≈≈≈##.#.##.####
##..∩.....#≈≈≈≈#..#..# ...#
##.∩.∩.∩..#≈≈####.#.####..#
##∩.∩.∩.∩.#≈##.###'###.##..
##.∩...∩.∩#≈#...##)###.(#..


You could see a frost giant and a cacodemon.

Vanquished Creatures
  A bone dragon (D)
  A kraken (D)
  Kirke (D)
  A storm dragon (D)
  A deep elf high priest (D)
  A yaktaur captain (D)
  2 boulder beetles (D)
  A centaur warrior (D)
  A skeletal warrior (D)
  2 deep trolls (D)
  A merfolk siren (D)
  An elephant (D)
  A kobold demonologist (D)
  A yaktaur (D)
  3 polar bears (D)
  A hornet (D)
  A blink frog (D)
  12 flying skulls (D)
  Menkaure (D)
  4 water moccasins (D)
  4 scorpions (D)
  3 worms (D)
  A spectral bat (D)
  6 tentacles (D)
52 creatures vanquished.

Vanquished Creatures (others)
  17 tentacles (D)
17 creatures vanquished.

Grand Total: 69 creatures vanquished

Notes
Turn   | Place    | Note
-------+----------+-------------------------------------------
     0 | D        | boopmooplesden the Minotaur Berserker began the quest for
                  | the Orb.
     0 | D        | Reached XP level 1. HP: 19/19 MP: 0/0
     1 | D        | Noticed a boulder beetle
     1 | D        | Noticed a boulder beetle
     4 | D        | Noticed a scorpion
     4 | D        | Noticed a scorpion
     4 | D        | Noticed a scorpion
     4 | D        | Noticed a scorpion
     6 | D        | Killed a scorpion
     7 | D        | Reached XP level 2. HP: 31/31 MP: 1/1
     7 | D        | Reached XP level 3. HP: 38/38 MP: 2/2
     9 | D        | Killed a scorpion
    10 | D        | Reached XP level 4. HP: 48/48 MP: 3/3
    12 | D        | Killed a scorpion
    12 | D        | Reached ** piety under Trog
    13 | D        | Reached XP level 5. HP: 56/56 MP: 4/4
    15 | D        | Reached skill level 5 in Armour
    61 | D        | Noticed a merfolk siren
    70 | D        | Killed a merfolk siren
    71 | D        | Reached skill level 5 in Dodging
    71 | D        | Reached XP level 6. HP: 64/70 MP: 5/5
    71 | D        | Reached XP level 7. HP: 68/75 MP: 6/6
   118 | D        | Reached *** piety under Trog
   147 | D        | Found Lynn's Antique Armour Shop.
   147 | D        | Found Vobua's Jewellery Boutique.
   147 | D        | Found Ceyhafawk's Magic Scroll Shop.
   147 | D        | Found Bof Gorr's Distillery.
   147 | D        | Found Amenofez's Distillery.
   147 | D        | Found Kac Imp's Jewellery Boutique.
   148 | D        | Found Pidag's Magic Scroll Shop.
   149 | D        | Found Ryaromor's Book Boutique.
   149 | D        | Found Cutrinyi's Assorted Antiques.
   149 | D        | Found Leygg's Magic Scroll Boutique.
   149 | D        | Noticed Menkaure
   169 | D        | Killed Menkaure
   169 | D        | Reached **** piety under Trog
   351 | D        | Noticed a blink frog
   360 | D        | Killed a blink frog
   368 | D        | Found Karesh's Antique Weapon Shop.
   368 | D        | Found Xeas's Book Boutique.
   368 | D        | Noticed an oklob plant
   369 | D        | Found Ymoanabb's General Store.
   369 | D        | Found Igaule's Antique Armour Boutique.
   369 | D        | Found Hinoub's Book Shoppe.
   369 | D        | Noticed a redback
   370 | D        | Noticed a redback
   630 | D        | Bought a pair of pitted gloves for 180 gold pieces
   630 | D        | Identified the +3 pair of gloves "Haetyk" {Harm rF+ Str+3}
                  | (You bought it in a shop in the Dungeon)
   636 | D        | Bought a bloodstained executioner's axe for 375 gold pieces
   636 | D        | Identified the +7 executioner's axe "Ethosec" {protect,
                  | rPois rN+ Will+ Stlth+} (You bought it in a shop in the
                  | Dungeon)
   638 | D        | Bought a runed scale mail for 133 gold pieces
   673 | D        | Killed a boulder beetle
   674 | D        | Reached skill level 15 in Long Blades
   674 | D        | Reached skill level 1 in Stealth
   674 | D        | Reached XP level 8. HP: 34/88 MP: 7/7
   981 | D        | Noticed Roxanne
   991 | D        | Found a hazy altar of Hepliaklqana.
   991 | D        | Found a snail-covered altar of Cheibriados.
   992 | D        | Found a stormy altar of Qazlal.
   992 | D        | Found a viscous altar of Jiyva.
   992 | D        | Found a shadowy altar of Dithmenos.
   993 | D        | Found a sacrificial altar of Ru.
   993 | D        | Found an ancient bone altar of Kikubaaqudgha.
   993 | D        | Found a white marble altar of Elyvilon.
   994 | D        | Found an ornate altar of the Wu Jian Council.
   994 | D        | Found a shimmering blue altar of Sif Muna.
   994 | D        | Found a corrupted altar of Lugonu.
   995 | D        | Found a shimmering altar of Xom.
   995 | D        | Found a bloodstained altar of Trog.
   995 | D        | Found a burning altar of Makhleb.
   996 | D        | Found a glowing golden altar of the Shining One.
   996 | D        | Found a basalt altar of Yredelemnul.
   996 | D        | Found a hide-covered altar of Uskayaw.
   997 | D        | Found a glowing silver altar of Zin.
   998 | D        | Noticed a yaktaur
   998 | D        | Noticed a hornet
   998 | D        | Noticed a polar bear
   998 | D        | Noticed a polar bear
  1001 | D        | Killed a polar bear
  1001 | D        | Noticed a polar bear
  1003 | D        | Killed a polar bear
  1006 | D        | Killed a polar bear
  1007 | D        | Reached XP level 9. HP: 96/96 MP: 8/8
  1009 | D        | Reached skill level 5 in Axes
  1012 | D        | Killed a yaktaur
  1012 | D        | Reached ***** piety under Trog
  1013 | D        | Reached skill level 15 in Fighting
  1021 | D        | Found a radiant altar of Vehumet.
  1027 | D        | Noticed a kraken
  1687 | D        | Killed a kraken
  1688 | D        | Reached XP level 10. HP: 107/107 MP: 9/9
  1689 | D        | Found a sparkling altar of Nemelex Xobeh.
  1689 | D        | Found a blossoming altar of Fedhas.
  1690 | D        | Found an iron altar of Okawaru.
  1690 | D        | Found an opulent altar of Gozag.
  1724 | D        | Noticed a deep troll
  1724 | D        | Noticed a deep troll
  1729 | D        | Killed a deep troll
  1730 | D        | Reached skill level 10 in Axes
  1730 | D        | Reached skill level 10 in Armour
  1734 | D        | Killed a deep troll
  1840 | D        | Killed a boulder beetle
  1848 | D        | Bought the ring "Meodosma" {rC++ rCorr} for 578 gold pieces
  1880 | D        | Received a gift from Trog
  1885 | D        | Reached ****** piety under Trog
  1916 | D        | Noticed Kirke
  1916 | D        | Noticed a yaktaur captain
  1916 | D        | Noticed a skeletal warrior
  1939 | D        | Noticed a manticore
  1939 | D        | Killed Kirke
  1939 | D        | Received a gift from Trog
  1941 | D        | Killed a yaktaur captain
  1942 | D        | Reached skill level 15 in Axes
  1942 | D        | Reached XP level 11. HP: 34/117 MP: 10/10
  1948 | D        | Killed a skeletal warrior
  2032 | D        | Noticed a centaur warrior
  2035 | D        | Killed a centaur warrior
  2383 | D        | Noticed a storm dragon
  2384 | D        | Noticed a bone dragon
  2385 | D        | Received a gift from Trog
  2386 | D        | Noticed a golden dragon
  2386 | D        | Noticed a cacodemon
  2386 | D        | Noticed a deep elf high priest
  2387 | D        | Noticed a frost giant
  2399 | D        | HP: 7/177 [storm dragon (13)]
  2403 | D        | Killed a bone dragon
  2404 | D        | Reached skill level 10 in Dodging
  2405 | D        | Killed a storm dragon
  2409 | D        | Killed a deep elf high priest
  2409 | D        | Killed from afar by a frost giant

Illustrated notes

Levels and vault maps discovered:
D:        the_violet_keep_of_menkaure [sprint2_stairs_cluster_1,
          sprint2_shoproom, sprint2_temple, sprint2_basic_supplies,
          sprint2_obstacle_6, sprint2_obstacle_4, sprint2_obstacle_1,
          sprint2_obstacle_5, sprint2_obstacle_2, sprint2_timed_cluster_1,
          sprint2_smallroom_cluster_1, sprint2_smallroom_final_cluster_1,
          sprint2_transparent_cluster_1, sprint2_second_timed_cluster_1,
          sprint2_sniper_area_1, sprint2_heavy_combat_area_1,
          sprint2_mutation_trap_area_1, sprint2_forest_area_1,
          sprint2_light_combat_area_1, sprint2_behind_water_1,
          sprint2_near_end_vault_1]

Skill      XL: |  1  2  3  4  5  6  7  8  9 10 11 |
---------------+----------------------------------+-----
Fighting       | 6 7 8 11 13 14 15 17 18 | 18.6
Long Blades    | 6 8 9 12 15 16 | 16.7
Armour         | 3 4 6 7 8 9 12 13 | 13.1
Dodging        | 3 4 5 7 8 9 10 | 10.2
Axes           | 2 4 9 15 18 | 18.4
Stealth        | 1 2 |  2.8

Action                   |  1- 3 |  4- 6 |  7- 9 | 10-12 || total
-------------------------+-------+-------+-------+-------++-------
Melee: Falchion          |     4 |    12 |    32 |       ||    48
       Headbutt          |     2 |       |    13 |    15 ||    30
       Executioner's axe |       |       |    43 |    87 ||   130
       Punch             |       |       |     1 |       ||     1
Invok: Berserk           |     1 |       |     5 |     3 ||     9
  Use: Scroll            |       |       |    12 |       ||    12
       Potion            |       |       |       |     2 ||     2
Armor: Scale mail        |       |       |    27 |    54 ||    81
       Animal skin       |       |       |     1 |       ||     1
Dodge: Dodged            |       |       |    52 |    57 ||   109
